MLB
ATLANTA BRAVES @ LOS ANGELES DODGERS
06/03/2044
 
TOP OF THE 1ST
Atlanta Braves batting - Pitching for Los Angeles Dodgers : RHP Ray Scifo
Pitching: RHP Ray Scifo
Batting: RHB Liangde Li 0-0: Ball
1-0: Foul Ball, location: 2F
1-1: Ball
2-1: Ball
3-1: Called Strike
3-2: Ground out 4-3 (Groundball, 4M, EV 100.6 MPH)
Batting: LHB Colin Worthington 0-0: Ball
1-0: Called Strike
1-1: Ball
2-1: Ground out 6-3 (Groundball, 6, EV 89.4 MPH)
Batting: RHB Butch Kaiser 0-0: Foul Ball, location: 2F
0-1: Foul Ball, location: 2F
0-2: Ball
1-2: SINGLE (Line Drive, 9LS, EV 92.5 MPH)
Batting: LHB Seth Cook 0-0: Ball
1-0: Called Strike
1-1: Ball
2-1: Ground out 4-3 (Groundball, 34, EV 107.5 MPH)
Top of the 1st over - 0 runs, 1 hit, 0 errors, 1 left on base; Atlanta 0 - Los Angeles 0
BOTTOM OF THE 1ST
Los Angeles Dodgers batting - Pitching for Atlanta Braves : RHP Pimbly Nimblebottom
Pitching: RHP Pimbly Nimblebottom
Batting: SHB Joel Baker 0-0: SINGLE (Line Drive, 6MD, EV 98.8 MPH)
Batting: RHB Jorge Severiano 0-0: Ball
1-0: Ball
2-0: Called Strike
2-1: Foul Ball, location: 2F
2-2: Ball
3-2: Base on Balls
Joel Baker to second
Batting: LHB Bob Branham 0-0: Ball
1-0: Ball
2-0: DOUBLE (Line Drive, 89M, EV 95.6 MPH)
Joel Baker scores
Jorge Severiano to third
Batting: LHB Lirak Bazhunaishvili 0-0: Ball
1-0: Ball
2-0: Ball
3-0: Base on Balls
Batting: RHB Clay Buchanan 0-0: Ball
1-0: Fielders Choice at 2nd, 5-4 (Groundball, 56S, EV 79.4 MPH)
Jorge Severiano scores
Bob Branham to third
Batting: LHB Ryan Taylor 0-0: Ball
1-0: Called Strike
1-1: Fielders Choice at 2nd, 6-4 (Groundball, 6, EV 83.1 MPH)
Bob Branham scores
Batting: SHB Carlos Rodriguez 0-0: Ball
Wild Pitch!
Ryan Taylor to second
1-0: TRIPLE (Flyball, 89XD, EV 102.5 MPH)
Ryan Taylor scores
Batting: RHB Ben Mischnick 0-0: Ball
1-0: Ball
2-0: Foul Ball, location: 2F
2-1: Foul Ball, location: 2F
2-2: Strikes out swinging
Bottom of the 1st over - 4 runs, 3 hits, 0 errors, 1 left on base; Atlanta 0 - Los Angeles 4
TOP OF THE 2ND
Atlanta Braves batting - Pitching for Los Angeles Dodgers : RHP Ray Scifo
Batting: RHB Danny Miramontes 0-0: Called Strike
0-1: Single, Error in OF, E8, batter to second base (Line Drive, 8RM, EV 95.0 MPH)
Batting: LHB Tom Best 0-0: Ball
1-0: Called Strike
1-1: Foul Ball, location: 2F
1-2: Foul Ball, location: 2F
1-2: Strikes out swinging
Batting: RHB Kanehisa Kubo 0-0: Called Strike
0-1: Ground out 6-3 (Groundball, 6, EV 89.4 MPH)
Batting: RHB Itsuo Egami 0-0: Called Strike
0-1: Ball
1-1: Ball
2-1: Ball
3-1: Called Strike
3-2: Strikes out swinging
Top of the 2nd over - 0 runs, 1 hit, 1 error, 1 left on base; Atlanta 0 - Los Angeles 4
BOTTOM OF THE 2ND
Los Angeles Dodgers batting - Pitching for Atlanta Braves : RHP Pimbly Nimblebottom
Batting: LHB Dalton Silveira 0-0: Ground out 6-3 (Groundball, 4MS, EV 64.4 MPH)
Batting: SHB Joel Baker 0-0: Swinging Strike
0-1: Foul Ball, location: 2F
0-2: Ball
1-2: Ball
2-2: Foul Ball, location: 2F
2-2: Ball
3-2: Fly out, F8 (Line Drive, 8RD, EV 90.6 MPH)
Batting: RHB Jorge Severiano 0-0: Ball
1-0: Ball
2-0: Ball
3-0: Called Strike
3-1: Base on Balls
Batting: LHB Bob Branham 0-0: Foul Ball, location: 2F
0-1: Called Strike
0-2: Ball
1-2: Ball
2-2: Strikes out looking
Bottom of the 2nd over - 0 runs, 0 hits, 0 errors, 1 left on base; Atlanta 0 - Los Angeles 4
TOP OF THE 3RD
Atlanta Braves batting - Pitching for Los Angeles Dodgers : RHP Ray Scifo
Batting: RHB Tom Beckman 0-0: Foul Ball, location: 2F
0-1: Ball
1-1: Ground out 4-3 (Groundball, 4, EV 89.4 MPH)
Batting: RHB Liangde Li 0-0: Called Strike
0-1: Ball
1-1: Ball
2-1: Ball
3-1: Base on Balls
Batting: LHB Colin Worthington 0-0: Ball
Liangde Li steals 2nd base (no throw)
1-0: Ball
2-0: Ball
3-0: Called Strike
3-1: Base on Balls
Batting: RHB Butch Kaiser 0-0: Called Strike
Liangde Li steals 3rd base (no throw)
0-1: Ball
1-1: Ball
2-1: Foul Ball, location: 2F
2-2: Ball
3-2: Base on Balls
Colin Worthington to second
Batting: LHB Seth Cook 0-0: Called Strike
0-1: Ball
1-1: Called Strike
1-2: Strikes out swinging
Batting: RHB Danny Miramontes 0-0: Called Strike
0-1: Ball
1-1: Foul Ball, location: 2F
1-2: Ball
2-2: Fly out, F4 (Popup, 34, EV 73.8 MPH)
Top of the 3rd over - 0 runs, 0 hits, 0 errors, 3 left on base; Atlanta 0 - Los Angeles 4
BOTTOM OF THE 3RD
Los Angeles Dodgers batting - Pitching for Atlanta Braves : RHP Pimbly Nimblebottom
Batting: LHB Lirak Bazhunaishvili 0-0: Called Strike
0-1: Ground out 6-3 (Groundball, 6, EV 86.2 MPH)
Batting: RHB Clay Buchanan 0-0: Foul Ball, location: 2F
0-1: Ball
1-1: Ball
2-1: Ball
3-1: Called Strike
3-2: Ground out 5-3 (Groundball, 5, EV 78.8 MPH)
Batting: LHB Ryan Taylor 0-0: Ball
1-0: Called Strike
1-1: Hit by Pitch
Batting: SHB Carlos Rodriguez 0-0: Foul Ball, location: 2F
0-1: Swinging Strike
0-2: Ball
Ryan Taylor steals 2nd base
1-2: Ball
2-2: Ball
3-2: Strikes out looking
Bottom of the 3rd over - 0 runs, 0 hits, 0 errors, 1 left on base; Atlanta 0 - Los Angeles 4
TOP OF THE 4TH
Atlanta Braves batting - Pitching for Los Angeles Dodgers : RHP Ray Scifo
Batting: LHB Tom Best 0-0: Called Strike
0-1: Fly out, F4 (Line Drive, 4, EV 65.6 MPH)
Batting: RHB Kanehisa Kubo 0-0: Called Strike
0-1: Swinging Strike
0-2: Ball
1-2: Strikes out looking
Batting: RHB Itsuo Egami 0-0: Foul Ball, location: 2F
0-1: Swinging Strike
0-2: Ball
1-2: Ball
2-2: Strikes out looking
Top of the 4th over - 0 runs, 0 hits, 0 errors, 0 left on base; Atlanta 0 - Los Angeles 4
BOTTOM OF THE 4TH
Los Angeles Dodgers batting - Pitching for Atlanta Braves : RHP Pimbly Nimblebottom
Batting: RHB Ben Mischnick 0-0: Ground out 6-3 (Groundball, 6S, EV 70.6 MPH)
Batting: LHB Dalton Silveira 0-0: Ground out 4-3 (Groundball, 4, EV 96.2 MPH)
Batting: SHB Joel Baker 0-0: Swinging Strike
0-1: Swinging Strike
0-2: Ball
1-2: Fly out, F8 (Flyball, 78D, EV 96.9 MPH)
Bottom of the 4th over - 0 runs, 0 hits, 0 errors, 0 left on base; Atlanta 0 - Los Angeles 4
TOP OF THE 5TH
Atlanta Braves batting - Pitching for Los Angeles Dodgers : RHP Ray Scifo
Batting: RHB Tom Beckman 0-0: Ground out 5-3 (Groundball, 56, EV 80.0 MPH)
Batting: RHB Liangde Li 0-0: Ground out 6-3 (Groundball, 6S, EV 66.9 MPH)
Batting: LHB Colin Worthington 0-0: Foul Ball, location: 2F
0-1: Ball
1-1: Ball
2-1: Ball
3-1: Fly out, F9 (Flyball, 89D, EV 96.9 MPH)
Top of the 5th over - 0 runs, 0 hits, 0 errors, 0 left on base; Atlanta 0 - Los Angeles 4
BOTTOM OF THE 5TH
Los Angeles Dodgers batting - Pitching for Atlanta Braves : RHP Pimbly Nimblebottom
Batting: RHB Jorge Severiano 0-0: Foul Ball, location: 2F
0-1: Called Strike
0-2: Fly out, F3 (Popup, 3F, EV 79.4 MPH)
Batting: LHB Bob Branham 0-0: Foul Ball, location: 2F
0-1: Called Strike
0-2: Ball
1-2: Ground out U3 (Groundball, 34, EV 85.0 MPH)
Batting: LHB Lirak Bazhunaishvili 0-0: Ball
1-0: Called Strike
1-1: Fly out, F7 (Line Drive, 7, EV 107.5 MPH)
Bottom of the 5th over - 0 runs, 0 hits, 0 errors, 0 left on base; Atlanta 0 - Los Angeles 4
TOP OF THE 6TH
Atlanta Braves batting - Pitching for Los Angeles Dodgers : RHP Ray Scifo
Batting: RHB Butch Kaiser 0-0: DOUBLE (Line Drive, 78XD, EV 107.5 MPH)
Batting: LHB Seth Cook 0-0: Foul Ball, location: 2F
0-1: Ball
Wild Pitch!
Butch Kaiser to third
1-1: Ball
2-1: Ball
3-1: Ground out U3 (Groundball, 34S, EV 81.9 MPH)
Butch Kaiser scores
Batting: RHB Danny Miramontes 0-0: Called Strike
0-1: Foul Ball, location: 2F
0-2: Ball
1-2: Foul Ball, location: 2F
1-2: Ball
2-2: Ball
3-2: Ground out 6-3 (Groundball, 6, EV 108.8 MPH)
Batting: LHB Tom Best 0-0: Called Strike
0-1: Ball
1-1: Swinging Strike
1-2: Ground out U3 (Groundball, 34, EV 86.2 MPH)
Top of the 6th over - 1 run, 1 hit, 0 errors, 0 left on base; Atlanta 1 - Los Angeles 4
BOTTOM OF THE 6TH
Los Angeles Dodgers batting - Pitching for Atlanta Braves : RHP Pimbly Nimblebottom
Batting: RHB Clay Buchanan 0-0: SOLO HOME RUN (Flyball, 8RXD, EV 100.6 MPH), Distance : 412 ft
Pitching: RHP Mike Aguilar
Batting: LHB Ryan Taylor 0-0: Ball
1-0: Called Strike
1-1: SOLO HOME RUN (Flyball, 8LXD, EV 106.9 MPH), Distance : 420 ft
Batting: SHB Carlos Rodriguez 0-0: Called Strike
0-1: Fly out, F7 (Flyball, 78XD, EV 86.2 MPH)
Batting: RHB Ben Mischnick 0-0: Ground out U3 (Groundball, 34S, EV 84.4 MPH)
Batting: LHB Dalton Silveira 0-0: Called Strike
0-1: Ball
1-1: Foul Ball, location: 2F
1-2: Ground out 6-3 (Groundball, 6, EV 106.2 MPH)
Bottom of the 6th over - 2 runs, 2 hits, 0 errors, 0 left on base; Atlanta 1 - Los Angeles 6
TOP OF THE 7TH
Atlanta Braves batting - Pitching for Los Angeles Dodgers : RHP Ray Scifo
Batting: RHB Kanehisa Kubo 0-0: Ball
1-0: Called Strike
1-1: Called Strike
1-2: SOLO HOME RUN (Flyball, 78XD, EV 99.4 MPH), Distance : 395 ft
Batting: RHB Itsuo Egami 0-0: Ball
1-0: Ball
2-0: Foul Ball, location: 2F
2-1: Ball
3-1: Foul Ball, location: 2F
3-2: DOUBLE (Line Drive, 8LD, EV 91.9 MPH)
Pitching: RHP Taylor Drews
Batting: RHB Tom Beckman 0-0: Ball
1-0: Ball
2-0: Ball
3-0: Called Strike
3-1: Foul Ball, location: 2F
3-2: Fly out, F7 (Flyball, 7LM, EV 82.5 MPH)
Batting: RHB Liangde Li 0-0: Ball
1-0: Ball
2-0: Called Strike
2-1: Called Strike
2-2: Ball
3-2: Base on Balls
Batting: LHB Colin Worthington 0-0: Called Strike
0-1: Ball
1-1: Called Strike
Itsuo Egami steals 3rd base
Liangde Li to second
1-2: SINGLE (Line Drive, 8LS, EV 101.2 MPH)
Itsuo Egami scores
Liangde Li to third
Runner from 3rd tries for Home, SAFE, throw by CF to home
Batting: RHB Butch Kaiser 0-0: Swinging Strike
0-1: Ball
1-1: Fly out, F8 (Flyball, 8RD, EV 103.8 MPH)
Batting: LHB Seth Cook 0-0: Fly out, F8 (Flyball, 8RD, EV 97.5 MPH)
Top of the 7th over - 3 runs, 3 hits, 0 errors, 1 left on base; Atlanta 4 - Los Angeles 6
BOTTOM OF THE 7TH
Los Angeles Dodgers batting - Pitching for Atlanta Braves : RHP Mike Aguilar
Batting: SHB Joel Baker 0-0: Fly out, F5 (Popup, 5S, EV 83.1 MPH)
Batting: RHB Jorge Severiano 0-0: Ball
1-0: Ball
2-0: Called Strike
2-1: Foul Ball, location: 2F
2-2: Ball
3-2: Foul Ball, location: 2F
3-2: Base on Balls
Batting: LHB Bob Branham 0-0: Ball
1-0: Ball
2-0: Ball
3-0: Base on Balls
Jorge Severiano to second
Batting: LHB Lirak Bazhunaishvili 0-0: Foul Ball, location: 2F
0-1: Ball
1-1: Swinging Strike
1-2: Ball
2-2: Foul Ball, location: 2F
2-2: Ball
3-2: SINGLE (Groundball, 6M, EV 101.2 MPH) (infield hit)
Jorge Severiano to third
Bob Branham to second
Batting: RHB Clay Buchanan 0-0: Ball
1-0: Fly out, F9 (Flyball, 9, EV 88.1 MPH)
Runner from 3rd tags up, SCORES, throw by RF
Bob Branham to third
Batting: LHB Ryan Taylor 0-0: Ball
1-0: Ground out 4-3 (Groundball, 4, EV 78.8 MPH)
Bottom of the 7th over - 1 run, 1 hit, 0 errors, 2 left on base; Atlanta 4 - Los Angeles 7
TOP OF THE 8TH
Atlanta Braves batting - Pitching for Los Angeles Dodgers : RHP Taylor Drews
Batting: RHB Danny Miramontes 0-0: Ball
1-0: Swinging Strike
1-1: Foul Ball, location: 2F
1-2: Foul Ball, location: 2F
1-2: Ball
2-2: Foul Ball, location: 2F
2-2: Foul Ball, location: 2F
2-2: Foul Ball, location: 2F
2-2: Ball
3-2: Fly out, F8 (Flyball, 8RD, EV 81.9 MPH)
Batting: LHB Tom Best 0-0: Ball
1-0: Foul Ball, location: 2F
1-1: Swinging Strike
1-2: Strikes out swinging
Batting: RHB Kanehisa Kubo 0-0: SINGLE (Groundball, 6MD, EV 95.0 MPH)
Batting: RHB Itsuo Egami 0-0: Called Strike
0-1: Swinging Strike
0-2: Ball
1-2: Fly out, F4 (Popup, 34, EV 72.5 MPH)
Top of the 8th over - 0 runs, 1 hit, 0 errors, 1 left on base; Atlanta 4 - Los Angeles 7
BOTTOM OF THE 8TH
Los Angeles Dodgers batting - Pitching for Atlanta Braves : RHP Mike Aguilar
Pitching: RHP Tony Castellanos
Batting: SHB Carlos Rodriguez 0-0: Swinging Strike
0-1: Ball
1-1: Called Strike
1-2: Ball
2-2: Strikes out swinging
Batting: RHB Ben Mischnick 0-0: Ball
1-0: Called Strike
1-1: Swinging Strike
1-2: Strikes out swinging
Batting: LHB Dalton Silveira 0-0: Called Strike
0-1: Ball
1-1: Swinging Strike
1-2: Strikes out looking
Bottom of the 8th over - 0 runs, 0 hits, 0 errors, 0 left on base; Atlanta 4 - Los Angeles 7
TOP OF THE 9TH
Atlanta Braves batting - Pitching for Los Angeles Dodgers : RHP Taylor Drews
Pitching: RHP Chut-sai Teoh
Batting: RHB Tom Beckman 0-0: Swinging Strike
0-1: Ball
1-1: Swinging Strike
1-2: Ball
2-2: Strikes out swinging
Batting: RHB Liangde Li 0-0: Ball
1-0: Ball
2-0: Ball
3-0: Called Strike
3-1: Base on Balls
Batting: LHB Colin Worthington 0-0: Ball
1-0: Grounds into double play, 4-6-3 (Groundball, 4, EV 86.9 MPH)
Top of the 9th over - 0 runs, 0 hits, 0 errors, 0 left on base; Atlanta 4 - Los Angeles 7
Thursday, March 31st , 2022 - OOTP Baseball 22.12 Build 89